[ AOE2 MATCH · #504776756 ]
UnrankedKhitans vs Aztecs
Player's team · LOSS
Rival team · WIN
[ REPLAY ANALYSIS · EXTRACTED FROM THE RECORDED GAME ]
Feudal
11:30
Castle
21:41
Imperial
36:27
| APM avg | 39.6 |
| APM peak | 72 |
| eAPM avg | 28.0 |
| Villagers / military | 165 / 125 |
Focus
⚔️ 39.4% · 🌾 60.6%
Steppe Lancer ×98 · Unknown (1920) ×12 · Archer ×11 · Battering Ram ×6 · Iron Pagoda ×4 · Unknown (1923) ×4
Feudal
9:21
Castle
22:28
Imperial
38:13
| APM avg | 55.0 |
| APM peak | 107 |
| eAPM avg | 34.1 |
| Villagers / military | 201 / 197 |
Focus
⚔️ 43.6% · 🌾 56.4%
Spearman ×126 · Eagle Scout ×19 · Skirmisher ×13 · Battering Ram ×12 · Monk ×10 · Trebuchet (Packed) ×6
Match map
Initial resources + every placement click. Lines = walls · curves = elevation contours. ◆ gold · ⬟ stone · ● berries · ✦ relic · ◌ wall gap
Your base· ✓ Closed at 21:41 · 64t walls · 2 gate(s)
Zeriel's base· ✓ Closed at 22:28 · 17t walls · 2 gate(s)
Smoothed initial terrain · ◌ = detected wall gap · hover for details
Inputs per minute
— [DDocs] Dr.Rollstuhl - Twitch - - Zeriel
Build order — [DDocs] Dr.Rollstuhl - Twitch
First 150 of 503 actions detected
| 0:00 | Queue | Villager (Male) |
| 0:01 | Queue | Villager (Male) |
| 0:01 | Queue | Villager (Male) |
| 0:01 | Queue | Villager (Male) |
| 0:02 | Build | House |
| 0:03 | Build | House |
| 0:19 | Research | Loom |
| 0:32 | Queue | Villager (Male) |
| 0:32 | Queue | Villager (Male) |
| 0:32 | Queue | Villager (Male) |
| 1:50 | Queue | Villager (Male) |
| 2:11 | Build | Palisade Wall |
| 2:16 | Queue | Villager (Male) |
| 2:16 | Queue | Villager (Male) |
| 2:46 | Queue | Villager (Male) |
| 2:46 | Queue | Villager (Male) |
| 3:00 | Build | Palisade Wall |
| 3:19 | Queue | Villager (Male) |
| 3:35 | Build | Lumber Camp |
| 3:44 | Queue | Villager (Male) |
| 3:44 | Queue | Villager (Male) |
| 4:13 | Queue | Villager (Male) |
| 4:13 | Queue | Villager (Male) |
| 4:18 | Build | House |
| 4:42 | Queue | Villager (Male) |
| 4:42 | Queue | Villager (Male) |
| 4:58 | Queue | Villager (Male) |
| 5:06 | Build | Palisade Wall |
| 5:07 | Build | Palisade Wall |
| 5:08 | Build | Palisade Wall |
| 5:23 | Queue | Villager (Male) |
| 5:24 | Queue | Villager (Male) |
| 5:24 | Queue | Villager (Male) |
| 5:33 | Build | House |
| 5:57 | Queue | Villager (Male) |
| 6:01 | Queue | Villager (Male) |
| 6:16 | Queue | Villager (Male) |
| 6:16 | Queue | Villager (Male) |
| 6:25 | Build | Mill |
| 6:40 | Queue | Villager (Male) |
| 7:03 | Build | Palisade Wall |
| 7:06 | Build | Palisade Wall |
| 7:06 | Queue | Villager (Male) |
| 7:06 | Queue | Villager (Male) |
| 7:10 | Queue | Villager (Male) |
| 7:10 | Queue | Villager (Male) |
| 7:10 | Queue | Villager (Male) |
| 7:20 | Build | Palisade Wall |
| 7:21 | Build | Palisade Wall |
| 7:22 | Build | Palisade Wall |
| 7:34 | Queue | Villager (Male) |
| 7:35 | Queue | Villager (Male) |
| 8:46 | Queue | Villager (Male) |
| 8:50 | Build | Palisade Wall |
| 8:51 | Queue | Villager (Male) |
| 8:58 | Build | Lumber Camp |
| 9:20 | Research | Feudal Age |
| 9:49 | Build | Palisade Wall |
| 9:51 | Build | Palisade Wall |
| 9:56 | Build | Palisade Wall |
| 9:57 | Build | Palisade Wall |
| 9:57 | Build | Palisade Wall |
| 9:58 | Build | Palisade Wall |
| 9:59 | Build | Palisade Wall |
| 10:07 | Queue | Villager (Male) |
| 10:29 | Build | House |
| 10:34 | Build | Palisade Wall |
| 10:44 | Build | Palisade Wall |
| 10:45 | Build | Palisade Wall |
| 10:49 | Queue | Villager (Male) |
| 10:59 | Build | Mill |
| 11:01 | Build | House |
| 11:14 | Build | Palisade Wall |
| 11:20 | Build | Palisade Wall |
| 11:21 | Build | Palisade Wall |
| 11:25 | Build | Palisade Wall |
| 11:27 | Build | Palisade Gate |
| 11:29 | Build | Palisade Gate |
| 11:30 | Age | Feudal Age |
| 11:49 | Queue | Villager (Male) |
| 11:58 | Research | Double-Bit Axe |
| 12:01 | Research | Tech 1014 |
| 12:01 | Research | Tech 1014 |
| 12:03 | Queue | Villager (Male) |
| 12:10 | Queue | Villager (Male) |
| 12:23 | Build | Stone Wall |
| 12:24 | Build | Stone Wall |
| 12:29 | Build | Stone Wall |
| 12:34 | Build | Stone Wall |
| 12:45 | Build | Stone Wall |
| 13:07 | Build | Stone Wall |
| 13:18 | Queue | Villager (Male) |
| 13:22 | Build | Barracks |
| 13:26 | Build | Mining Camp |
| 13:30 | Queue | Villager (Male) |
| 13:35 | Build | Stone Wall |
| 13:37 | Build | Stone Wall |
| 13:43 | Build | Stone Wall |
| 13:43 | Build | Stone Wall |
| 14:05 | Build | Archery Range |
| 14:05 | Queue | Villager (Male) |
| 14:32 | Queue | Villager (Male) |
| 14:36 | Build | Pasture |
| 14:41 | Build | Pasture |
| 14:52 | Build | Watch Tower |
| 15:00 | Queue | Villager (Male) |
| 15:12 | Build | Pasture |
| 15:23 | Build | Mining Camp |
| 15:29 | Queue | Archer |
| 15:29 | Queue | Archer |
| 15:31 | Queue | Archer |
| 15:31 | Queue | Archer |
| 15:31 | Queue | Archer |
| 15:32 | Queue | Archer |
| 15:43 | Queue | Villager (Male) |
| 15:54 | Build | Stone Wall |
| 16:03 | Queue | Villager (Male) |
| 16:04 | Queue | Villager (Male) |
| 16:10 | Build | Stone Wall |
| 16:17 | Build | House |
| 16:17 | Queue | Villager (Male) |
| 16:20 | Build | Stone Wall |
| 16:23 | Build | House |
| 16:25 | Queue | Villager (Male) |
| 16:37 | Build | House |
| 17:04 | Build | Pasture |
| 17:23 | Queue | Archer |
| 17:44 | Build | Stone Wall |
| 17:51 | Build | Gate |
| 18:03 | Queue | Villager (Male) |
| 18:03 | Queue | Villager (Male) |
| 18:05 | Queue | Archer |
| 18:16 | Build | Market |
| 18:22 | Build | Pasture |
| 18:24 | Build | Pasture |
| 18:28 | Queue | Villager (Male) |
| 18:37 | Build | Stone Wall |
| 18:40 | Build | Stone Wall |
| 18:45 | Build | Stone Wall |
| 18:51 | Build | Stone Wall |
| 18:55 | Build | Watch Tower |
| 18:57 | Build | Stone Wall |
| 19:01 | Research | Castle Age |
| 19:05 | Build | Stone Wall |
| 19:17 | Queue | Archer |
| 19:38 | Build | Blacksmith |
| 19:40 | Queue | Archer |
| 20:03 | Build | House |
| 20:03 | Build | House |
| 20:10 | Queue | Archer |
Build order — Zeriel
First 150 of 667 actions detected
| 0:01 | Queue | Villager (Male) |
| 0:02 | Build | House |
| 0:03 | Build | House |
| 0:19 | Queue | Villager (Male) |
| 0:19 | Queue | Villager (Male) |
| 0:25 | Queue | Villager (Male) |
| 1:37 | Queue | Villager (Male) |
| 2:12 | Queue | Villager (Male) |
| 2:44 | Queue | Villager (Male) |
| 2:44 | Build | Lumber Camp |
| 2:53 | Queue | Villager (Male) |
| 3:05 | Build | House |
| 3:12 | Queue | Villager (Male) |
| 3:12 | Queue | Villager (Male) |
| 3:32 | Queue | Villager (Male) |
| 4:11 | Queue | Villager (Male) |
| 5:05 | Queue | Villager (Male) |
| 5:15 | Build | Mill |
| 5:38 | Queue | Villager (Male) |
| 5:38 | Queue | Villager (Male) |
| 5:43 | Build | House |
| 6:32 | Queue | Villager (Male) |
| 7:06 | Build | Barracks |
| 7:11 | Research | Feudal Age |
| 7:57 | Build | House |
| 7:59 | Queue | Militia |
| 8:24 | Build | Mining Camp |
| 8:30 | Queue | Militia |
| 8:31 | Queue | Militia |
| 9:11 | Queue | Villager (Male) |
| 9:21 | Age | Feudal Age |
| 9:25 | Build | Watch Tower |
| 9:27 | Research | Man-at-Arms (upgrade) |
| 9:47 | Queue | Villager (Male) |
| 9:50 | Research | Arson |
| 10:03 | Queue | Villager (Male) |
| 10:23 | Queue | Villager (Male) |
| 10:30 | Build | Palisade Gate |
| 10:47 | Build | Watch Tower |
| 10:54 | Queue | Villager (Male) |
| 11:01 | Queue | Villager (Male) |
| 11:21 | Queue | Villager (Male) |
| 11:35 | Build | Archery Range |
| 11:49 | Queue | Villager (Male) |
| 12:13 | Queue | Villager (Male) |
| 12:18 | Queue | Villager (Male) |
| 12:20 | Build | House |
| 12:26 | Build | Mill |
| 12:48 | Build | Stone Wall |
| 12:50 | Build | Stone Wall |
| 13:01 | Queue | Skirmisher |
| 13:01 | Queue | Skirmisher |
| 13:16 | Build | Watch Tower |
| 13:24 | Build | Farm |
| 13:25 | Build | Farm |
| 13:25 | Build | Farm |
| 13:25 | Build | Farm |
| 13:38 | Build | House |
| 13:44 | Queue | Villager (Male) |
| 13:50 | Queue | Skirmisher |
| 14:11 | Research | Double-Bit Axe |
| 14:13 | Queue | Villager (Male) |
| 14:45 | Queue | Villager (Male) |
| 14:46 | Build | Farm |
| 14:48 | Build | Farm |
| 14:51 | Queue | Villager (Male) |
| 15:01 | Queue | Villager (Male) |
| 15:13 | Queue | Villager (Male) |
| 15:15 | Build | Farm |
| 15:15 | Queue | Villager (Male) |
| 15:32 | Build | Gate |
| 15:34 | Build | Stone Wall |
| 15:35 | Build | Stone Wall |
| 15:37 | Build | Stone Wall |
| 15:45 | Research | Wheelbarrow |
| 15:48 | Build | Farm |
| 15:50 | Build | House |
| 16:17 | Build | Mining Camp |
| 16:22 | Build | Farm |
| 16:35 | Queue | Skirmisher |
| 16:48 | Build | Farm |
| 17:18 | Build | Watch Tower |
| 17:22 | Queue | Villager (Male) |
| 17:24 | Build | Farm |
| 17:27 | Build | House |
| 17:47 | Build | Blacksmith |
| 17:48 | Queue | Villager (Male) |
| 18:10 | Queue | Villager (Male) |
| 18:23 | Queue | Villager (Male) |
| 18:34 | Build | Watch Tower |
| 19:01 | Queue | Villager (Male) |
| 19:18 | Build | Market |
| 19:24 | Build | Lumber Camp |
| 19:48 | Research | Castle Age |
| 19:52 | Queue | Skirmisher |
| 19:52 | Queue | Skirmisher |
| 20:05 | Build | House |
| 20:18 | Research | Fletching |
| 20:20 | Research | Horse Collar |
| 20:21 | Research | Gold Mining |
| 20:43 | Queue | Skirmisher |
| 20:43 | Queue | Skirmisher |
| 22:21 | Queue | Villager (Male) |
| 22:28 | Age | Castle Age |
| 22:30 | Build | Monastery |
| 22:31 | Build | University |
| 22:33 | Research | Bodkin Arrow |
| 22:53 | Build | Siege Workshop |
| 22:56 | Queue | Villager (Male) |
| 23:03 | Queue | Monk |
| 23:07 | Queue | Villager (Male) |
| 23:13 | Queue | Villager (Male) |
| 23:28 | Queue | Spearman |
| 23:28 | Queue | Spearman |
| 23:36 | Queue | Mangonel |
| 23:40 | Build | Palisade Gate |
| 23:51 | Build | House |
| 24:01 | Build | House |
| 24:09 | Build | Palisade Gate |
| 24:17 | Research | Guard Tower (upgrade) |
| 24:20 | Queue | Villager (Male) |
| 24:29 | Build | House |
| 24:35 | Queue | Spearman |
| 24:45 | Queue | Villager (Male) |
| 24:49 | Build | Town Center |
| 24:52 | Queue | Villager (Male) |
| 25:14 | Queue | Spearman |
| 25:32 | Queue | Spearman |
| 25:39 | Build | House |
| 25:40 | Queue | Villager (Male) |
| 25:45 | Queue | Mangonel |
| 25:47 | Build | Outpost |
| 25:49 | Queue | Villager (Male) |
| 25:53 | Queue | Monk |
| 25:59 | Queue | Villager (Male) |
| 26:05 | Queue | Mangonel |
| 26:13 | Build | Town Center |
| 26:19 | Queue | Villager (Male) |
| 26:32 | Queue | Villager (Male) |
| 26:36 | Build | Farm |
| 26:36 | Build | Farm |
| 26:53 | Queue | Villager (Male) |
| 27:08 | Queue | Villager (Male) |
| 27:20 | Queue | Villager (Male) |
| 27:27 | Build | Palisade Gate |
| 27:32 | Build | Farm |
| 27:33 | Queue | Villager (Male) |
| 27:34 | Build | Farm |
| 27:34 | Build | Farm |
| 27:34 | Build | Farm |
Match timeline
| 2:11 | [DDocs] Dr.Rollstuhl - Twitch · wall_segment Palisade Wall x6 |
| 3:00 | [DDocs] Dr.Rollstuhl - Twitch · wall_segment Palisade Wall x6 |
| 5:06 | [DDocs] Dr.Rollstuhl - Twitch · wall_segment Palisade Wall x1 |
| 5:07 | [DDocs] Dr.Rollstuhl - Twitch · wall_segment Palisade Wall x1 |
| 5:08 | [DDocs] Dr.Rollstuhl - Twitch · wall_segment Palisade Wall x1 |
| 7:03 | [DDocs] Dr.Rollstuhl - Twitch · wall_segment Palisade Wall x1 |
| 7:06 | [DDocs] Dr.Rollstuhl - Twitch · wall_segment Palisade Wall x3 |
| 7:06 | Zeriel · first_building Barracks |
| 7:20 | [DDocs] Dr.Rollstuhl - Twitch · wall_segment Palisade Wall x1 |
| 7:21 | [DDocs] Dr.Rollstuhl - Twitch · wall_segment Palisade Wall x1 |
| 7:22 | [DDocs] Dr.Rollstuhl - Twitch · wall_segment Palisade Wall x1 |
| 8:50 | [DDocs] Dr.Rollstuhl - Twitch · wall_segment Palisade Wall x1 |
| 9:21 | Zeriel · age_up feudal |
| 9:49 | [DDocs] Dr.Rollstuhl - Twitch · wall_segment Palisade Wall x1 |
| 9:51 | [DDocs] Dr.Rollstuhl - Twitch · wall_segment Palisade Wall x1 |
| 9:56 | [DDocs] Dr.Rollstuhl - Twitch · wall_segment Palisade Wall x1 |
| 9:57 | [DDocs] Dr.Rollstuhl - Twitch · wall_segment Palisade Wall x1 |
| 9:57 | [DDocs] Dr.Rollstuhl - Twitch · wall_segment Palisade Wall x1 |
| 9:58 | [DDocs] Dr.Rollstuhl - Twitch · wall_segment Palisade Wall x1 |
| 9:59 | [DDocs] Dr.Rollstuhl - Twitch · wall_segment Palisade Wall x1 |
| 10:34 | [DDocs] Dr.Rollstuhl - Twitch · wall_segment Palisade Wall x1 |
| 10:44 | [DDocs] Dr.Rollstuhl - Twitch · wall_segment Palisade Wall x1 |
| 10:45 | [DDocs] Dr.Rollstuhl - Twitch · wall_segment Palisade Wall x1 |
| 11:14 | [DDocs] Dr.Rollstuhl - Twitch · wall_segment Palisade Wall x1 |
| 11:20 | [DDocs] Dr.Rollstuhl - Twitch · wall_segment Palisade Wall x1 |
| 11:21 | [DDocs] Dr.Rollstuhl - Twitch · wall_segment Palisade Wall x1 |
| 11:25 | [DDocs] Dr.Rollstuhl - Twitch · wall_segment Palisade Wall x1 |
| 11:30 | [DDocs] Dr.Rollstuhl - Twitch · age_up feudal |
| 11:35 | Zeriel · first_building Archery Range |
| 12:23 | [DDocs] Dr.Rollstuhl - Twitch · wall_segment Stone Wall x1 |
| 12:24 | [DDocs] Dr.Rollstuhl - Twitch · wall_segment Stone Wall x1 |
| 12:29 | [DDocs] Dr.Rollstuhl - Twitch · wall_segment Stone Wall x2 |
| 12:34 | [DDocs] Dr.Rollstuhl - Twitch · wall_segment Stone Wall x1 |
| 12:45 | [DDocs] Dr.Rollstuhl - Twitch · wall_segment Stone Wall x6 |
| 12:48 | Zeriel · wall_segment Stone Wall x2 |
| 12:50 | Zeriel · wall_segment Stone Wall x10 |
| 13:07 | [DDocs] Dr.Rollstuhl - Twitch · wall_segment Stone Wall x1 |
| 13:22 | [DDocs] Dr.Rollstuhl - Twitch · first_building Barracks |
| 13:35 | [DDocs] Dr.Rollstuhl - Twitch · wall_segment Stone Wall x1 |
| 13:37 | [DDocs] Dr.Rollstuhl - Twitch · wall_segment Stone Wall x1 |
| 13:43 | [DDocs] Dr.Rollstuhl - Twitch · wall_segment Stone Wall x1 |
| 13:43 | [DDocs] Dr.Rollstuhl - Twitch · wall_segment Stone Wall x1 |
| 14:05 | [DDocs] Dr.Rollstuhl - Twitch · first_building Archery Range |
| 15:34 | Zeriel · wall_segment Stone Wall x1 |
| 15:35 | Zeriel · wall_segment Stone Wall x1 |
| 15:37 | Zeriel · wall_segment Stone Wall x3 |
| 15:54 | [DDocs] Dr.Rollstuhl - Twitch · wall_segment Stone Wall x4 |
| 16:10 | [DDocs] Dr.Rollstuhl - Twitch · wall_segment Stone Wall x1 |
| 16:20 | [DDocs] Dr.Rollstuhl - Twitch · wall_segment Stone Wall x1 |
| 17:44 | [DDocs] Dr.Rollstuhl - Twitch · wall_segment Stone Wall x1 |
| 18:37 | [DDocs] Dr.Rollstuhl - Twitch · wall_segment Stone Wall x1 |
| 18:40 | [DDocs] Dr.Rollstuhl - Twitch · wall_segment Stone Wall x1 |
| 18:45 | [DDocs] Dr.Rollstuhl - Twitch · wall_segment Stone Wall x1 |
| 18:51 | [DDocs] Dr.Rollstuhl - Twitch · wall_segment Stone Wall x1 |
| 18:57 | [DDocs] Dr.Rollstuhl - Twitch · wall_segment Stone Wall x1 |
| 19:00 | [DDocs] Dr.Rollstuhl - Twitch · first_market_buy 100 food |
| 19:00 | [DDocs] Dr.Rollstuhl - Twitch · first_market_sell 100 wood |
| 19:05 | [DDocs] Dr.Rollstuhl - Twitch · wall_segment Stone Wall x1 |
| 20:19 | [DDocs] Dr.Rollstuhl - Twitch · first_building Stable |
| 21:41 | [DDocs] Dr.Rollstuhl - Twitch · age_up castle |
| 22:28 | Zeriel · age_up castle |
| 22:30 | Zeriel · first_building Monastery |
| 22:53 | Zeriel · first_building Siege Workshop |
| 23:53 | Zeriel · first_market_buy 100 wood |
| 24:57 | [DDocs] Dr.Rollstuhl - Twitch · first_building Siege Workshop |
| 26:11 | Zeriel · first_market_sell 100 food |
| 27:42 | [DDocs] Dr.Rollstuhl - Twitch · first_building Castle |
| 30:19 | [DDocs] Dr.Rollstuhl - Twitch · first_building Monastery |
| 31:04 | Zeriel · wall_segment Stone Wall x4 |
| 32:12 | [DDocs] Dr.Rollstuhl - Twitch · wall_segment Stone Wall x7 |
| 32:14 | [DDocs] Dr.Rollstuhl - Twitch · wall_segment Stone Wall x4 |
| 33:39 | Zeriel · wall_segment Stone Wall x3 |
| 35:36 | [DDocs] Dr.Rollstuhl - Twitch · wall_segment Stone Wall x1 |
| 36:27 | [DDocs] Dr.Rollstuhl - Twitch · age_up imperial |
| 37:33 | Zeriel · first_building Castle |
| 38:13 | Zeriel · age_up imperial |
| 39:15 | Zeriel · wall_segment Stone Wall x10 |
| 39:20 | Zeriel · wall_segment Stone Wall x1 |
| 39:51 | Zeriel · wall_segment Stone Wall x1 |
| 42:14 | Zeriel · wall_segment Stone Wall x1 |
| 42:15 | Zeriel · wall_segment Stone Wall x11 |
| 42:39 | Zeriel · wall_segment Stone Wall x3 |
| 45:38 | Zeriel · wall_segment Stone Wall x1 |
| 45:38 | Zeriel · wall_segment Stone Wall x1 |
| 45:38 | Zeriel · wall_segment Stone Wall x1 |
| 46:16 | Zeriel · wall_segment Stone Wall x1 |
| 46:21 | Zeriel · wall_segment Stone Wall x2 |
| 48:30 | Zeriel · wall_segment Stone Wall x2 |
| 48:31 | Zeriel · wall_segment Stone Wall x4 |
| 51:07 | Zeriel · wall_segment Stone Wall x3 |
| 51:22 | [DDocs] Dr.Rollstuhl - Twitch · resign |
[ AI ANALYSIS · 1 CREDIT ]
What really happened in this match?
Wolo.gg analyzes every decision: build order, eco, micro, common mistakes by bracket. Personalized analysis on WhatsApp or Discord in 30 seconds.
Civ guide
Khitans
Perfil
Jugador #5608318